 Dungeon Crawl Stone Soup version 0.21.1-1-g345015f (webtiles) character file.

24580 tidbits the Martial Artist (level 13, -16/108 HPs)
             Began as a Gnoll Transmuter on Mar 8, 2018.
             Was a High Priest of Cheibriados.
             Demolished by a sun demon (19 damage)
             ... summoned by an orc sorcerer
             ... while paralysed by an orc sorcerer
             ... on level 2 of the Orcish Mines.
             The game lasted 00:53:05 (4331 turns).

tidbits the Martial Artist (Gnoll Transmuter)       Turns: 4331, Time: 00:53:06

Health: -16/108    AC:  6    Str: 25    XL:     13   Next: 14%
Magic:  9/26       EV:  2    Int: 32    God:    Cheibriados [*****.]
Gold:   1253       SH:  0    Dex: 28    Spells: 12/30 levels left

rFire    . . .     SeeInvis .     - Unarmed
rCold    . . .     Gourm    .   (shield currently unavailable)
rNeg     . . .     Faith    .   B - +0 troll leather armour
rPois    .         Spirit   .   (no helmet)
rElec    .         Reflect  .   C - +0 cloak
rCorr    .         Harm     .   (gloves currently unavailable)
MR       .....                  (no boots)
Stlth    +++++.....             (no amulet)
HPRegen  0.68/turn              V - +3 ring of evasion
MPRegen  0.20/turn              R - ring of stealth

@: paralysed, blade hands, studying Short Blades, drained, very slow
A: distributed training, fangs 1, sense surroundings 1, robust 1, wild magic 1,
strong nose
a: End Transformation, Bend Time, Temporal Distortion, Slouch, Step From Time,
Renounce Religion


You were on level 2 of the Orcish Mines.
You worshipped Cheibriados.
Cheibriados was extremely pleased with you.
You were not hungry.
You had blades for hands.
You visited 4 branches of the dungeon, and saw 18 of its levels.
You also visited: Ossuary.

You collected 1330 gold pieces.
You spent 77 gold pieces at shops.

Inventory:

Hand Weapons
 f - a +1 short sword of venom
   (You took it off Terence on level 2 of the Dungeon)
 g - a +0 hunting sling
 l - a +0 scythe
 w - a +2 quarterstaff of draining
   (You found it on level 8 of the Dungeon)
 x - a +0 blowgun
 A - a +3 dagger of venom (melded)
   (You took it off a kobold on level 8 of the Dungeon)
 D - a +2 whip of venom
   (You took it off a kobold on level 2 of the Dungeon)
Missiles
 a - 17 arrows
 i - 28 stones (quivered)
 o - 21 sling bullets
 y - 24 poisoned needles
 I - 7 tomahawks of dispersal {!f}
Armour
 B - a +0 troll leather armour (worn)
 C - a +0 cloak (worn)
 S - a +1 robe
Jewellery
 R - a ring of stealth (right scythe-like blade)
   (You found it on level 12 of the Dungeon)
 V - a +3 ring of evasion (left scythe-like blade)
   (You found it on level 10 of the Dungeon)
Wands
 p - a wand of paralysis (4)
 H - a wand of enslavement (2)
 Q - a wand of iceblast (1)
Scrolls
 e - a scroll of vulnerability {unknown}
 r - 4 scrolls of remove curse
 s - 2 scrolls of amnesia
 t - 5 scrolls of teleportation
 u - a scroll of noise
 K - a scroll of fog
Potions
 h - 2 potions of flight
 j - 2 potions of haste
 m - a potion of resistance
 n - 2 potions of invisibility
 q - a potion of ambrosia
 v - 2 potions of cancellation
 E - a potion of might
 M - a potion of lignification
 N - a potion of brilliance
Books
 d - a book of Changes

   Spells                             Type                      Level
   a - Beastly Appendage              Transmutation                1
   b - Sticks to Snakes               Transmutation                2
   c - Spider Form                    Transmutation/Poison         3
   d - Ice Form                       Ice/Transmutation            4
   e - Blade Hands                    Transmutation                5
 O - a book of Misfortune
   (You found it on level 11 of the Dungeon)

   Spells                             Type                      Level
   a - Confusing Touch                Hexes                        1
   b - Confuse                        Hexes                        3
   c - Gell's Gravitas                Translocation                3
   d - Petrify                        Transmutation/Earth          4
   e - Metabolic Englaciation         Hexes/Ice                    5
   f - Yara's Violent Unravelling     Hexes/Transmutation          5
 P - a manual of Short Blades
   (You found it on level 8 of the Dungeon)
Miscellaneous
 z - a phantom mirror
 F - a lightning rod (3/4)
 G - a fan of gales (inert)
Comestibles
 c - 8 rations


   Skills:
 + Level 8.3(7.6) Fighting
 + Level 9.8(9.0) Short Blades
 + Level 7.9(7.1) Long Blades
 + Level 7.9(7.1) Axes
 + Level 7.9(7.1) Maces & Flails
 + Level 7.9(7.1) Polearms
 + Level 7.9(7.1) Staves
 + Level 7.9(7.1) Slings
 + Level 7.9(7.1) Bows
 + Level 7.9(7.1) Crossbows
 + Level 7.9(7.1) Throwing
 + Level 7.9(7.1) Armour
 + Level 9.2(8.4) Dodging
 + Level 7.9(7.1) Stealth
 + Level 7.9(7.1) Shields
 + Level 10.2(9.4) Unarmed Combat
 + Level 9.4(8.6) Spellcasting
 + Level 6.5(5.8) Conjurations
 + Level 6.5(5.8) Hexes
 + Level 6.5(5.8) Charms
 + Level 6.5(5.8) Summonings
 + Level 6.5(5.8) Necromancy
 + Level 6.5(5.8) Translocations
 + Level 7.6(6.9) Transmutations
 + Level 6.5(5.8) Fire Magic
 + Level 6.5(5.8) Ice Magic
 + Level 6.5(5.8) Air Magic
 + Level 6.5(5.8) Earth Magic
 + Level 6.5(5.8) Poison Magic
 + Level 8.6(7.9) Invocations
 + Level 7.9(7.1) Evocations


You had 12 spell levels left.
You knew the following spells:

 Your Spells              Type           Power        Failure   Level  Hunger
c - Confuse               Hex            ######..     22%         3    None
e - Beastly Appendage     Tmut           ######       13%         1    None
h - Blade Hands           Tmut           ######....   45%         5    ####...
i - Ice Form              Ice/Tmut       ######..     32%         4    None
k - Sticks to Snakes      Tmut           ######..     14%         2    None
p - Spider Form           Tmut/Pois      ######....   21%         3    None


Dungeon Overview and Level Annotations

Branches:
Dungeon (13/15)            Temple (1/1) D:7            Lair (2/6) D:8
    Orc (2/2) D:12            Elf (0/3) Orc:2
  Swamp: Lair:2-4    Shoals: Lair:2-4     Snake: Lair:2-4    Spider: Lair:2-4
 Vaults: D:13-14

Altars:
Cheibriados
Dithmenos
Fedhas
Okawaru
Sif Muna
Vehumet

Shops:
D:4 }?   D:8 :   Orc:2 (


Innate Abilities, Weirdness & Mutations

Your experience applies equally to all skills.
You have very sharp teeth.
Your uncanny sense of smell can sniff out nearby items.
You passively map a small area around you.
You are robust. (+10% HP)
Your spells are a little harder to cast, but a little more powerful.


Message History

r - Retreat! s - Stop attacking. g - Guard the area. f - Follow me.
Anything else - Cancel.
Gang up on whom?
Press: ? - help, Dir - move target cursor, f - orc high priest, p - orc warlord
Aim: an orc high priest, wielding a mace (heavily wounded, unusually strong) Attack!
The orc warrior no longer looks unusually strong.
Your orc warrior hits the orc priest with a flail!!
The orc priest dies!
Cheibriados appreciates the change of pace.
The orc high priest prays to Beogh.
The orc wizard mumbles some strange words.
The orc wizard blinks!
Your orc warrior hits the orc high priest with a long sword!!
The orc high priest dies!
Cheibriados thoroughly appreciates the change of pace.
The rust devil disappears in a puff of smoke!
The sun demon disappears in a puff of smoke!
Your orc warrior looks more experienced.
Unknown command.
Evoke which item? (* to show all) (? for menu, Esc to quit)
Aiming: Enslavement
Press: ? - help, Shift-Dir - straight line, f - orc warrior
Aim: an orc warrior, wielding a mace and wearing a chain mail (chance to defeat MR: 68%)
The orc warrior is charmed.
The orc no longer looks unusually strong.
Your orc warrior no longer looks unusually strong.
The orc priest hits your orc warrior but does no damage.
Your orc warrior hits the orc priest with a flail!!
The orc priest dies!
Cheibriados thoroughly appreciates the change of pace.
Cheibriados raises the support of your attributes as your movement slows.
Your orc warrior looks more experienced.
The orc warrior hits your orc warrior with a mace!
The orc warlord no longer looks unusually strong.
Your orc knight roars a battlecry!
Your orc warriors go into a battle-frenzy!
The orc sorcerer casts a spell.
Your orc warrior hits the orc warrior with a flail!
The orc closely misses your orc warrior.
The orc warrior hits your orc warrior with a mace!!
Your orc warrior misses the orc.
Your orc knight hits the orc with a great sword!
The orc dies!
Cheibriados appreciates the change of pace.
The orc sorcerer mumbles some strange words.
Your orc warrior hits the orc warrior with a flail!!
The orc warrior dies!
Cheibriados thoroughly appreciates the change of pace.
Unknown command.
The helpless orc warlord fails to defend itself.
You stick the orc warlord like a pincushion!!!!
You bite the orc warlord, but do no damage.
The orc warlord is severely wounded.
Your orc warrior hits the orc warlord with a mace!!
An orc high priest comes into view. It is wielding a hand axe of freezing.
The helpless orc warlord fails to defend itself.
You stick the orc warlord like a pincushion!!!!
You kill the orc warlord!
Your orc knight barely misses the orc wizard.
Your orc warrior hits the orc wizard but does no damage.
Casting: Sticks to Snakes
Confirm with . or Enter, or press ? or * to list all spells.
Your hands turn into razor-sharp scythe blades.
Your +3 dagger of venom melds into your body.
Your +3 dagger of venom stops dripping with poison.
The orc sorcerer no longer looks unusually strong.
The orc wizard no longer looks unusually strong.
The orc wizard gestures wildly while chanting.
The orc wizard blinks!
The orc sorcerer points at you and mumbles some strange words.
The bolt of negative energy hits you!
You feel drained.
* * * LOW HITPOINT WARNING * * *
The rust devil hits your orc warrior.
The rust devil corrodes your orc warrior!
Unknown command.
You feel better.
Your orc warrior completely misses the rust devil.
The orc sorcerer misses you.
The rust devil barely misses your orc warrior.
Unknown command.
You slash the orc sorcerer!
The orc sorcerer is heavily wounded.
Your orc warrior barely misses the orc sorcerer.
Your orc warrior hits the chaos spawn with a long sword!!
The orc high priest mumbles some strange prayers to Beogh.
The sun demon completely misses you.
The orc sorcerer points at you and mumbles some strange words.
You suddenly lose the ability to move!
Your orc warrior hits the rust devil with a mace!!
The red devil hits your orc warrior with a trident of venom!
Your orc warrior is poisoned.
The red devil disappears in a puff of smoke!
The orc knight is no longer charmed.
The rust devil barely misses your orc warrior.
The sun demon hits you!!
* * * LOW HITPOINT WARNING * * *
You are engulfed in flames!!
You die...

....)....... ....................
.................................
............oo...................
#.............o..................
............)44.o3).(............
...............)4ยง.(.............
.#.............)o.[..............
...............)oo...............
........#.......@3...............
...#.......................#.....
...........................#....#
...>...........)).#.........#....
#........#......[...........###.#
####...##.....................###
##.####..................... ###
##...............##...##
#.....#......#...# #.##


You could see an orc knight, an orc high priest, a sun demon, an orange demon, a
rust devil, a smoke demon, a chaos spawn, an orc sorcerer, an orc wizard and 3
friendly orc warriors.

Vanquished Creatures
  Rupert (Orc:2)
  An orc warlord (Orc:2)
  A stone giant (Orc:2)
  4 two-headed ogres
  A centaur warrior (D:8)
  2 orc high priests (Orc:2)
  An unseen horror (D:8)
  3 orc knights
  An orc sorcerer (Orc:2)
  A cyclops (D:10)
  A manticore (D:12)
  Maurice (D:11)
  A polar bear (D:10)
  6 trolls
  2 hornets
  2 hippogriffs
  Sigmund (D:2)
  2 shadows
  A wraith (D:11)
  A hog (shapeshifter) (D:8)
  13 yaks
  A steam dragon (D:12)
  4 wargs
  3 hungry ghosts (D:12)
  A porcupine (Lair:1)
  12 orc warriors
  2 sky beasts (D:8)
  3 ice beasts (D:10)
  3 phantoms
  8 ogres
  A necrophage (D:8)
  A wolf (D:10)
  2 big kobolds
  9 bullfrogs
  A gnoll sergeant (D:7)
  2 troll zombies (D:12)
  A scorpion (D:8)
  5 wights (D:12)
  3 howler monkeys
  3 crimson imps
  2 bullfrog zombies
  A centaur zombie (D:10)
  17 orc wizards
  12 orc priests
  3 hounds
  A bullfrog skeleton (D:9)
  An iguana (D:8)
  Terence (D:2)
  4 worker ants
  4 ogre zombies (D:12)
  A hound skeleton (D:7)
  7 mummies (Ossuary)
  A howler monkey zombie (D:7)
  A killer bee simulacrum (D:10)
  A worker ant zombie (D:11)
  5 adders
  3 gnolls (D:7)
  2 white imps (D:10)
  2 ufetubi (D:10)
  3 oozes
  An adder skeleton (D:4)
  2 worms
  2 leopard geckos
  41 orcs
  12 giant cockroaches
  2 goblins
  A hobgoblin (D:3)
  8 jackals
  16 kobolds
  3 quokkas
  3 bats
  3 frilled lizards
  A goblin skeleton (D:12)
  A goblin zombie (D:12)
  4 hobgoblin zombies
  A jackal skeleton (D:8)
  3 kobold zombies (Ossuary)
  3 orc skeletons (D:12)
  12 orc zombies
  9 rats
312 creatures vanquished.

Vanquished Creatures (collateral kills)
  An orc high priest (Orc:2)
  Joseph (D:8)
  A troll (D:11)
  A hippogriff (D:9)
  5 orc warriors (Orc:2)
  An ice beast (D:9)
  A bullfrog zombie (D:9)
  2 centaur zombies
  4 orc priests (Orc:2)
  5 orc wizards
  A worker ant (D:9)
  A mummy (Ossuary)
  An adder (D:8)
  An ufetubus (D:10)
  A worm (D:2)
  A leopard gecko (D:2)
  9 orcs
  2 kobolds (D:8)
  A kobold zombie (Ossuary)
  An orc skeleton (D:12)
41 creatures vanquished.

Vanquished Creatures (others)
  An orc knight (Orc:2)
  A crimson imp (D:8)
  2 fungi (D:12)
4 creatures vanquished.

Grand Total: 357 creatures vanquished

Notes
Turn   | Place    | Note
-------+----------+-------------------------------------------
     0 | D:1      | tidbits the Gnoll Transmuter began the quest for the Orb.
     0 | D:1      | Reached XP level 1. HP: 17/17 MP: 6/6
     1 | D:1      | Found a runed door.
    23 | D:1      | Reached XP level 2. HP: 20/23 MP: 7/7
    48 | D:1      | Reached XP level 3. HP: 15/28 MP: 7/9
    53 | D:1      | Reached skill level 5 in Spellcasting
    60 | D:1      | Learned a level 2 spell: Sticks to Snakes
    64 | D:1      | Learned a level 3 spell: Spider Form
    80 | D:2      | Noticed Terence
    88 | D:2      | Killed Terence
    88 | D:2      | Reached skill level 1 in Short Blades
    88 | D:2      | Reached skill level 1 in Long Blades
    88 | D:2      | Reached skill level 1 in Axes
    88 | D:2      | Reached skill level 1 in Maces & Flails
    88 | D:2      | Reached skill level 1 in Polearms
    88 | D:2      | Reached skill level 1 in Staves
    88 | D:2      | Reached skill level 1 in Slings
    88 | D:2      | Reached skill level 1 in Bows
    88 | D:2      | Reached skill level 1 in Crossbows
    88 | D:2      | Reached skill level 1 in Throwing
    88 | D:2      | Reached skill level 1 in Armour
    88 | D:2      | Reached skill level 1 in Stealth
    88 | D:2      | Reached skill level 1 in Shields
    88 | D:2      | Reached skill level 1 in Invocations
    88 | D:2      | Reached skill level 1 in Evocations
   105 | D:2      | Reached XP level 4. HP: 17/34 MP: 4/11
   299 | D:2      | Noticed Sigmund
   310 | D:2      | Killed Sigmund
   310 | D:2      | Reached skill level 3 in Fighting
   310 | D:2      | Reached skill level 1 in Conjurations
   310 | D:2      | Reached skill level 1 in Hexes
   310 | D:2      | Reached skill level 1 in Charms
   310 | D:2      | Reached skill level 1 in Summonings
   310 | D:2      | Reached skill level 1 in Necromancy
   310 | D:2      | Reached skill level 1 in Translocations
   310 | D:2      | Reached skill level 4 in Transmutations
   310 | D:2      | Reached skill level 1 in Fire Magic
   310 | D:2      | Reached skill level 1 in Ice Magic
   310 | D:2      | Reached skill level 1 in Air Magic
   310 | D:2      | Reached skill level 1 in Earth Magic
   310 | D:2      | Reached skill level 1 in Poison Magic
   310 | D:2      | Reached XP level 5. HP: 35/41 MP: 5/12
   310 | D:2      | Reached XP level 6. HP: 40/47 MP: 5/13
   315 | D:2      | Reached skill level 2 in Invocations
   375 | D:4      | Noticed a phantom
   391 | D:4      | Killed a phantom
   391 | D:4      | Reached skill level 2 in Short Blades
   391 | D:4      | Reached skill level 2 in Long Blades
   391 | D:4      | Reached skill level 2 in Axes
   391 | D:4      | Reached skill level 2 in Maces & Flails
   391 | D:4      | Reached skill level 2 in Polearms
   391 | D:4      | Reached skill level 2 in Staves
   391 | D:4      | Reached skill level 2 in Slings
   391 | D:4      | Reached skill level 2 in Bows
   391 | D:4      | Reached skill level 2 in Crossbows
   391 | D:4      | Reached skill level 2 in Throwing
   391 | D:4      | Reached skill level 2 in Armour
   391 | D:4      | Reached skill level 5 in Dodging
   391 | D:4      | Reached skill level 2 in Stealth
   391 | D:4      | Reached skill level 2 in Shields
   391 | D:4      | Reached skill level 2 in Evocations
   402 | D:4      | Found Umill's Magic Scroll Shop.
   424 | D:4      | Bought a scroll of identify for 22 gold pieces
   476 | D:4      | Found Ukaumotu's Gadget Shop.
   549 | D:3      | Reached XP level 7. HP: 38/52 MP: 2/15
   729 | D:4      | Bought a scroll of remove curse for 33 gold pieces
   729 | D:4      | Bought a scroll of identify for 22 gold pieces
   752 | D:4      | Found a sand-covered staircase.
   762 | Ossuary  | Entered an ossuary
   809 | Ossuary  | Reached skill level 7 in Unarmed Combat
   972 | D:5      | Entered Level 5 of the Dungeon
   987 | D:6      | Reached skill level 2 in Conjurations
   987 | D:6      | Reached skill level 2 in Hexes
   987 | D:6      | Reached skill level 2 in Charms
   987 | D:6      | Reached skill level 2 in Summonings
   987 | D:6      | Reached skill level 2 in Necromancy
   987 | D:6      | Reached skill level 2 in Translocations
   987 | D:6      | Reached skill level 2 in Fire Magic
   987 | D:6      | Reached skill level 2 in Ice Magic
   987 | D:6      | Reached skill level 2 in Air Magic
   987 | D:6      | Reached skill level 2 in Earth Magic
   987 | D:6      | Reached skill level 2 in Poison Magic
  1112 | D:8      | Noticed a two-headed ogre
  1124 | D:8      | Reached skill level 3 in Invocations
  1131 | D:8      | Killed a two-headed ogre
  1131 | D:8      | Reached skill level 4 in Fighting
  1131 | D:8      | Reached skill level 3 in Short Blades
  1131 | D:8      | Reached skill level 3 in Long Blades
  1131 | D:8      | Reached skill level 3 in Axes
  1131 | D:8      | Reached skill level 3 in Maces & Flails
  1131 | D:8      | Reached skill level 3 in Polearms
  1131 | D:8      | Reached skill level 3 in Staves
  1131 | D:8      | Reached skill level 3 in Slings
  1131 | D:8      | Reached skill level 3 in Bows
  1131 | D:8      | Reached skill level 3 in Crossbows
  1131 | D:8      | Reached skill level 3 in Throwing
  1131 | D:8      | Reached skill level 3 in Armour
  1131 | D:8      | Reached skill level 3 in Stealth
  1131 | D:8      | Reached skill level 3 in Shields
  1131 | D:8      | Reached skill level 6 in Spellcasting
  1131 | D:8      | Reached skill level 3 in Evocations
  1131 | D:8      | Reached XP level 8. HP: 50/61 MP: 6/17
  1156 | D:8      | Reached skill level 4 in Invocations
  1176 | D:8      | Reached skill level 6 in Dodging
  1176 | D:8      | Reached skill level 3 in Conjurations
  1176 | D:8      | Reached skill level 3 in Hexes
  1176 | D:8      | Reached skill level 3 in Charms
  1176 | D:8      | Reached skill level 3 in Summonings
  1176 | D:8      | Reached skill level 3 in Necromancy
  1176 | D:8      | Reached skill level 3 in Translocations
  1176 | D:8      | Reached skill level 3 in Fire Magic
  1176 | D:8      | Reached skill level 3 in Ice Magic
  1176 | D:8      | Reached skill level 3 in Air Magic
  1176 | D:8      | Reached skill level 3 in Earth Magic
  1176 | D:8      | Reached skill level 3 in Poison Magic
  1176 | D:8      | Reached XP level 9. HP: 20/66 MP: 8/18
  1306 | D:8      | Reached skill level 5 in Transmutations
  1311 | D:8      | Found a staircase to the Lair.
  1428 | D:7      | Found a shadowy altar of Dithmenos.
  1474 | D:7      | Found a staircase to the Ecumenical Temple.
  1483 | Temple   | Entered the Ecumenical Temple
  1516 | Temple   | Became a worshipper of Cheibriados the Contemplative
  1619 | D:8      | Learned a level 5 spell: Blade Hands
  1657 | D:8      | Reached skill level 4 in Short Blades
  1657 | D:8      | Reached skill level 4 in Long Blades
  1657 | D:8      | Reached skill level 4 in Axes
  1657 | D:8      | Reached skill level 4 in Maces & Flails
  1657 | D:8      | Reached skill level 4 in Polearms
  1657 | D:8      | Reached skill level 4 in Staves
  1657 | D:8      | Reached skill level 4 in Slings
  1657 | D:8      | Reached skill level 4 in Bows
  1657 | D:8      | Reached skill level 4 in Crossbows
  1657 | D:8      | Reached skill level 4 in Throwing
  1657 | D:8      | Reached skill level 4 in Armour
  1657 | D:8      | Reached skill level 4 in Stealth
  1657 | D:8      | Reached skill level 4 in Shields
  1657 | D:8      | Reached skill level 4 in Evocations
  1710 | D:8      | Noticed a centaur warrior
  1728 | D:8      | Noticed Joseph
  1737 | D:8      | Killed a centaur warrior
  1737 | D:8      | Reached skill level 5 in Fighting
  1737 | D:8      | Reached skill level 8 in Unarmed Combat
  1742 | D:8      | Reached skill level 5 in Invocations
  1759 | D:8      | Killed Joseph
  1782 | D:8      | Reached * piety under Cheibriados
  1828 | D:8      | Noticed a two-headed ogre
  1898 | D:8      | Reached XP level 10. HP: 59/74 MP: 17/20
  1902 | D:8      | Found Emaaguem's Book Emporium.
  1909 | D:8      | Reached skill level 7 in Spellcasting
  1929 | D:8      | Reached skill level 4 in Conjurations
  1929 | D:8      | Reached skill level 4 in Hexes
  1929 | D:8      | Reached skill level 4 in Charms
  1929 | D:8      | Reached skill level 4 in Summonings
  1929 | D:8      | Reached skill level 4 in Necromancy
  1929 | D:8      | Reached skill level 4 in Translocations
  1929 | D:8      | Reached skill level 4 in Fire Magic
  1929 | D:8      | Reached skill level 4 in Ice Magic
  1929 | D:8      | Reached skill level 4 in Air Magic
  1929 | D:8      | Reached skill level 4 in Earth Magic
  1929 | D:8      | Reached skill level 4 in Poison Magic
  1958 | Lair:1   | Entered Level 1 of the Lair of Beasts
  2101 | D:8      | Killed an unseen horror
  2101 | D:8      | Reached skill level 5 in Short Blades
  2101 | D:8      | Reached skill level 5 in Long Blades
  2101 | D:8      | Reached skill level 5 in Axes
  2101 | D:8      | Reached skill level 5 in Maces & Flails
  2101 | D:8      | Reached skill level 5 in Polearms
  2101 | D:8      | Reached skill level 5 in Staves
  2101 | D:8      | Reached skill level 5 in Slings
  2101 | D:8      | Reached skill level 5 in Bows
  2101 | D:8      | Reached skill level 5 in Crossbows
  2101 | D:8      | Reached skill level 5 in Throwing
  2101 | D:8      | Reached skill level 5 in Armour
  2101 | D:8      | Reached skill level 5 in Stealth
  2101 | D:8      | Reached skill level 5 in Shields
  2101 | D:8      | Reached skill level 5 in Evocations
  2104 | D:8      | Killed a two-headed ogre
  2104 | D:8      | Reached skill level 7 in Dodging
  2176 | D:9      | Reached skill level 6 in Fighting
  2306 | D:10     | Entered Level 10 of the Dungeon
  2335 | D:10     | Reached skill level 6 in Transmutations
  2335 | D:10     | Reached skill level 6 in Invocations
  2389 | D:10     | Reached ** piety under Cheibriados
  2395 | D:10     | Learned a level 4 spell: Ice Form
  2438 | D:10     | Reached skill level 6 in Short Blades
  2443 | D:10     | Reached XP level 11. HP: 35/82 MP: 22/22
  2497 | D:10     | Noticed a cyclops
  2500 | D:10     | Killed a cyclops
  2580 | D:9      | Reached skill level 9 in Unarmed Combat
  2623 | D:10     | Reached skill level 6 in Long Blades
  2623 | D:10     | Reached skill level 6 in Axes
  2623 | D:10     | Reached skill level 6 in Maces & Flails
  2623 | D:10     | Reached skill level 6 in Polearms
  2623 | D:10     | Reached skill level 6 in Staves
  2623 | D:10     | Reached skill level 6 in Slings
  2623 | D:10     | Reached skill level 6 in Bows
  2623 | D:10     | Reached skill level 6 in Crossbows
  2623 | D:10     | Reached skill level 6 in Throwing
  2623 | D:10     | Reached skill level 6 in Armour
  2623 | D:10     | Reached skill level 6 in Stealth
  2623 | D:10     | Reached skill level 6 in Shields
  2623 | D:10     | Reached skill level 6 in Evocations
  2680 | D:11     | Noticed a red ugly thing
  2711 | D:10     | Reached skill level 5 in Conjurations
  2711 | D:10     | Reached skill level 5 in Hexes
  2711 | D:10     | Reached skill level 5 in Charms
  2711 | D:10     | Reached skill level 5 in Summonings
  2711 | D:10     | Reached skill level 5 in Necromancy
  2711 | D:10     | Reached skill level 5 in Translocations
  2711 | D:10     | Reached skill level 5 in Fire Magic
  2711 | D:10     | Reached skill level 5 in Ice Magic
  2711 | D:10     | Reached skill level 5 in Air Magic
  2711 | D:10     | Reached skill level 5 in Earth Magic
  2711 | D:10     | Reached skill level 5 in Poison Magic
  2805 | D:10     | Reached *** piety under Cheibriados
  2861 | D:11     | Reached skill level 8 in Spellcasting
  2886 | D:11     | Reached skill level 7 in Short Blades
  2928 | D:11     | Learned a level 3 spell: Confuse
  2958 | D:11     | Noticed Maurice
  2972 | D:11     | Killed Maurice
  2973 | D:11     | Reached skill level 7 in Invocations
  2998 | D:11     | Reached **** piety under Cheibriados
  3003 | D:11     | Noticed a two-headed ogre
  3010 | D:11     | Killed a two-headed ogre
  3010 | D:11     | Reached skill level 7 in Fighting
  3010 | D:11     | Reached skill level 8 in Dodging
  3072 | D:12     | Noticed a two-headed ogre
  3085 | D:12     | Killed a two-headed ogre
  3179 | D:12     | Found a staircase to the Orcish Mines.
  3210 | D:12     | Reached XP level 12. HP: 37/91 MP: 18/24
  3222 | D:12     | Reached ***** piety under Cheibriados
  3293 | D:12     | Reached skill level 8 in Short Blades
  3375 | Orc:1    | Entered Level 1 of the Orcish Mines
  3450 | D:12     | Gained mutation: Your spells are a little harder to cast, but a little more powerful. [potion of mutation]
  3450 | D:12     | Gained mutation: You are robust. (+10% HP) [potion of mutation]
  3450 | D:12     | Gained mutation: You passively map a small area around you. [potion of mutation]
  3559 | Orc:1    | Reached skill level 7 in Transmutations
  3574 | D:12     | Reached skill level 7 in Long Blades
  3574 | D:12     | Reached skill level 7 in Axes
  3574 | D:12     | Reached skill level 7 in Maces & Flails
  3574 | D:12     | Reached skill level 7 in Polearms
  3574 | D:12     | Reached skill level 7 in Staves
  3574 | D:12     | Reached skill level 7 in Slings
  3574 | D:12     | Reached skill level 7 in Bows
  3574 | D:12     | Reached skill level 7 in Crossbows
  3574 | D:12     | Reached skill level 7 in Throwing
  3574 | D:12     | Reached skill level 7 in Armour
  3574 | D:12     | Reached skill level 7 in Stealth
  3574 | D:12     | Reached skill level 7 in Shields
  3574 | D:12     | Reached skill level 7 in Evocations
  3677 | Orc:2    | Entered Level 2 of the Orcish Mines
  3677 | Orc:2    | Noticed Rupert
  3679 | Orc:2    | Paralysed by Rupert for 7 turns
  3687 | Orc:2    | Noticed a stone giant
  3780 | D:12     | Found a blossoming altar of Fedhas.
  3842 | Orc:2    | Killed a stone giant
  3877 | Orc:2    | Killed Rupert
  3877 | Orc:2    | Reached skill level 6 in Conjurations
  3877 | Orc:2    | Reached skill level 6 in Hexes
  3877 | Orc:2    | Reached skill level 6 in Charms
  3877 | Orc:2    | Reached skill level 6 in Summonings
  3877 | Orc:2    | Reached skill level 6 in Necromancy
  3877 | Orc:2    | Reached skill level 6 in Translocations
  3877 | Orc:2    | Reached skill level 6 in Fire Magic
  3877 | Orc:2    | Reached skill level 6 in Ice Magic
  3877 | Orc:2    | Reached skill level 6 in Air Magic
  3877 | Orc:2    | Reached skill level 6 in Earth Magic
  3877 | Orc:2    | Reached skill level 6 in Poison Magic
  3877 | Orc:2    | Reached skill level 8 in Invocations
  3936 | Orc:1    | Reached skill level 9 in Spellcasting
  3954 | Orc:1    | Reached skill level 9 in Short Blades
  4069 | Orc:2    | Found Zuirphem's Weapon Emporium.
  4098 | Orc:2    | Found a staircase to the Elven Halls.
  4129 | Orc:2    | Reached skill level 8 in Fighting
  4129 | Orc:2    | Reached skill level 10 in Unarmed Combat
  4222 | Orc:2    | Noticed an orc high priest
  4230 | Orc:2    | Noticed a soul eater
  4234 | Orc:2    | Killed an orc high priest
  4267 | Orc:2    | Noticed an orc high priest
  4267 | Orc:2    | HP: 10/101 [orc high priest/divine providence (14)]
  4276 | Orc:2    | Reached skill level 9 in Dodging
  4277 | Orc:2    | Killed an orc high priest
  4294 | Orc:2    | Noticed a sun demon
  4294 | Orc:2    | Noticed an orc warlord
  4296 | Orc:2    | Noticed an orc high priest
  4296 | Orc:2    | Noticed a sun demon
  4312 | Orc:2    | Reached XP level 13. HP: 49/107 MP: 10/26
  4327 | Orc:2    | Killed an orc warlord
  4330 | Orc:2    | Paralysed by an orc sorcerer for 5 turns
  4331 | Orc:2    | HP: 3/108 [sun demon[an orc sorcerer] (18)]
  4331 | Orc:2    | Demolished by a sun demon

Skill      XL: |  1  2  3  4  5  6  7  8  9 10 11 12 |
---------------+-------------------------------------+-----
Spellcasting   | 5 6 7 8 9 |  9.4
Short Blades   | 1 2 3 4 6 7 9 |  9.8
Long Blades    | 1 2 3 4 5 6 7 |  7.9
Axes           | 1 2 3 4 5 6 7 |  7.9
Maces & Flails | 1 2 3 4 5 6 7 |  7.9
Polearms       | 1 2 3 4 5 6 7 |  7.9
Staves         | 1 2 3 4 5 6 7 |  7.9
Slings         | 1 2 3 4 5 6 7 |  7.9
Bows           | 1 2 3 4 5 6 7 |  7.9
Crossbows      | 1 2 3 4 5 6 7 |  7.9
Throwing       | 1 2 3 4 5 6 7 |  7.9
Armour         | 1 2 3 4 5 6 7 |  7.9
Stealth        | 1 2 3 4 5 6 7 |  7.9
Shields        | 1 2 3 4 5 6 7 |  7.9
Invocations    | 1 2 3 4 5 6 7 8 |  8.6
Evocations     | 1 2 3 4 5 6 7 |  7.9
Fighting       | 3 4 5 6 7 8 |  8.3
Conjurations   | 1 2 3 4 5 6 |  6.5
Hexes          | 1 2 3 4 5 6 |  6.5
Charms         | 1 2 3 4 5 6 |  6.5
Summonings     | 1 2 3 4 5 6 |  6.5
Necromancy     | 1 2 3 4 5 6 |  6.5
Translocations | 1 2 3 4 5 6 |  6.5
Transmutations | 4 5 6 7 |  7.6
Fire Magic     | 1 2 3 4 5 6 |  6.5
Ice Magic      | 1 2 3 4 5 6 |  6.5
Air Magic      | 1 2 3 4 5 6 |  6.5
Earth Magic    | 1 2 3 4 5 6 |  6.5
Poison Magic   | 1 2 3 4 5 6 |  6.5
Dodging        | 5 6 7 8 9 |  9.2
Unarmed Combat | 7 8 9 10 | 10.2

Action                   |  1- 3 |  4- 6 |  7- 9 | 10-12 | 13-15 || total
-------------------------+-------+-------+-------+-------+-------++-------
Melee: Unarmed           |    57 |    67 |   217 |   390 |     1 ||   732
       Bite              |     5 |       |       |    36 |     1 ||    42
       Kick              |     2 |       |       |     3 |       ||     5
       Headbutt          |     4 |       |       |       |       ||     4
       Punch             |     2 |       |     1 |    10 |       ||    13
       Dagger            |       |       |       |    39 |     2 ||    41
Throw: Tomahawk          |       |       |     5 |    29 |       ||    34
       Stone             |       |       |       |     1 |       ||     1
 Cast: Beastly Appendage |     4 |       |       |     1 |       ||     5
       Sticks to Snakes  |     2 |     9 |    17 |    28 |       ||    56
       Spider Form       |     1 |    11 |    22 |    22 |       ||    56
       Blade Hands       |       |       |     3 |    24 |     1 ||    28
       Ice Form          |       |       |       |     3 |       ||     3
Invok: Slouch            |       |       |       |     4 |       ||     4
       Temporal Distorti |       |       |       |     2 |       ||     2
 Abil: End Transformatio |       |       |       |     8 |       ||     8
Evoke: Wand              |       |       |       |    29 |     8 ||    37
       Lightning rod     |       |       |       |     1 |       ||     1
       Fan of gales      |       |       |       |       |     1 ||     1
  Use: Potion            |       |     1 |    10 |     3 |     1 ||    15
       Scroll            |       |     6 |     3 |     8 |       ||    17
 Stab: Sleeping          |       |     1 |     2 |     9 |       ||    12
       Distracted        |       |       |     3 |     4 |       ||     7
       Invisible         |       |       |     3 |       |       ||     3
       Paralysed         |       |       |       |     5 |     2 ||     7
  Eat: Ration            |       |       |     2 |     1 |       ||     3
       Chunk             |       |       |     1 |     8 |       ||     9
Armor: Robe              |     5 |     1 |     1 |     8 |       ||    15
       Skin              |     1 |     6 |    11 |    15 |       ||    33
       Troll leather arm |       |       |       |     7 |       ||     7
Dodge: Dodged            |    34 |    49 |   245 |   399 |     6 ||   733

Table legend:
 A = Turns spent in this place as a percentage of turns spent in the entire game.
 B = Non-inter-level travel turns spent in this place as a percentage of non-inter-level travel turns spent in the entire game.
 C = Inter-level travel turns spent in this place as a percentage of turns spent in this place.
 D = Turns resting spent in this place as a percentage of non-inter-level travel turns spent in this place.
 E = Turns spent auto-exploring this place as a percentage of non-inter-level travel turns spent in this place.
 F = Non-inter-level travel turns spent in this place divided by the number of levels of this place that you've seen.
                   A       B       C       D       E      F
               +-------+-------+-------+-------+-------+----------------------
         Total | 100.0 | 100.0 |   2.1 |   0.0 |   0.0 | 223.2
       Dungeon |  76.7 |  76.9 |   1.8 |   0.0 |   0.0 | 250.8
        Temple |   1.5 |   0.8 |  46.2 |   0.0 |   0.0 |  35.0
          Lair |   0.6 |   0.7 |   0.0 |   0.0 |   0.0 |  14.0
  Orcish Mines |  16.6 |  16.9 |   0.0 |   0.0 |   0.0 | 359.0
       Ossuary |   4.6 |   4.7 |   0.0 |   0.0 |   0.0 | 199.0
               +-------+-------+-------+-------+-------+----------------------

Table legend:
 A = Kills in this place as a percentage of kills in entire the game.
 B = Kills by you in this place as a percentage of kills by you in the entire game.
 C = Kills by friends in this place as a percentage of kills by friends in the entire game.
 D = Other kills in this place as a percentage of other kills in the entire game.
 E = Experience gained in this place as a percentage of experience gained in the entire game.
 F = Experience gained in this place divided by the number of levels of this place that you have seen.
                   A       B       C       D       E      F
               +-------+-------+-------+-------+-------+----------------------
         Total | 100.0 | 100.0 | 100.0 | 100.0 | 100.0 | 1848.2
       Dungeon |  71.3 |  74.4 |  48.8 |  50.0 |  58.6 | 1582.0
          Lair |   0.3 |   0.3 |   0.0 |   0.0 |   0.4 |  71.5
  Orcish Mines |  23.9 |  20.8 |  46.3 |  50.0 |  40.6 | 7130.0
       Ossuary |   4.5 |   4.5 |   4.9 |   0.0 |   0.4 | 146.0
               +-------+-------+-------+-------+-------+----------------------

Vault maps used:
D:1:      dpeg_arrival_caged_fury
D:2:      uniq_terence, uniq_sigmund, uniq_natasha
D:3:      first_ration
D:4:      serial_shops, shop, shop, nicolae_ossuary_entry_ruins, st_stairs_6,
          lemuel_altar_in_water2, uniq_menkaure
D:6:      tso_oasis_becter, minmay_misc_feat_square, minmay_misc_feat_roman,
          nicolae_dithmenos_shadow_blocks
D:7:      minmay_temple_entry_nine_rooms, basic_altar
D:8:      minmay_tri_box, nicolae_overflow_hidden_temple,
          erik_lair_orcish_takeover, serial_shops, kennysheep_mini_moat,
          grunt_ogre_cave, uniq_joseph
D:9:      roderic_batcave
D:10:     serial_ice, serial_ice_k, serial_ice_c, serial_ice_o, serial_ice_n
D:11:     uniq_maurice
D:12:     zombieorc1_lemuel, serial_shops, nicolae_shop_window_shopping,
          fedhas_altar_3
D:13:     lemuel_hellish_altar, uniq_urug
Temple:   dpeg_five_rooms_temple
Lair:1:   minmay_hedge_maze
Lair:2:   minmay_shoals_entry_beasts, serial_bayou_shore_a, serial_bayou_shore_b
Orc:2:    st_orc_congregation, serial_shops, shop, special_room, uniq_rupert
Ossuary:  ossuary_tomb_3
